 Dungeon Crawl Stone Soup version 0.19.4 (console) character file.

298 Kloppie the Skirmisher (level 6, -3/60 HPs)
             Began as a Minotaur Fighter on Feb 2, 2017.
             Slain by Pikel
             ... wielding a +0 whip of electrocution
              (11 damage)
             ... on level 3 of the Dungeon.
             The game lasted 00:03:21 (2586 turns).

Kloppie the Skirmisher (Minotaur Fighter)           Turns: 2586, Time: 00:03:22

Health: -3/60      AC:  5    Str: 23    XL:     6   Next: 13%
Magic:  5/5        EV: 10    Int:  5    God:
Gold:   118        SH:  9    Dex: 12    Spells: 0 memorised, 5 levels left

rFire  . . .     SeeInvis .     a - +1 war axe
rCold  + . .     Gourm    .     d - +0 chain mail
rNeg   . . .     Faith    .     c - +0 shield
rPois  .         Spirit   .     (helmet restricted)
rElec  .         Reflect  .     (no cloak)
rCorr  .         Harm     .     (no gloves)
MR     .....     Clarity  +     (no boots)
Stlth  ..........               (no amulet)
                                (no ring)
                                (no ring)

@: agile
A: retaliatory headbutt, horns 2, clarity, clumsy 1, cold resistance 1, deformed
body, screaming 1
a: no special abilities


You were on level 3 of the Dungeon.
You were not hungry.

You visited 1 branch of the dungeon, and saw 4 of its levels.

You collected 118 gold pieces.

Inventory:

Hand Weapons
 a - a +1 war axe (weapon)
Armour
 c - a +0 shield (worn)
 d - a +0 chain mail (worn)
Scrolls
 e - a scroll of remove curse
 h - 7 scrolls of identify {unknown}
 r - a scroll of fear
Potions
 g - 2 potions of curing
 p - a potion of heal wounds
Books
 b - a book of Minor Magic

   Spells                             Type                      Level
   a - Magic Dart                     Conjuration                  1
   b - Blink                          Translocation                2
   c - Call Imp                       Summoning                    2
   d - Repel Missiles                 Charms/Air                   2
   e - Slow                           Hexes                        2
   f - Conjure Flame                  Conjuration/Fire             3
   g - Mephitic Cloud                 Conjuration/Poison/Air       3
Comestibles
 f - 3 bread rations
 i - 3 chunks of flesh
 o - 4 meat rations


   Skills:
 * Level 7.2 Fighting
 + Level 4.7 Axes
 - Level 3.6 Armour
 - Level 3.6 Shields


You had 5 spell levels left.
You didn't know any spells.

Dungeon Overview and Level Annotations

Branches:
Dungeon (4/15)
 Temple: D:4-7

Altars:

Annotations:
D:3 Pikel


Innate Abilities, Weirdness & Mutations

You reflexively headbutt those who attack you in melee.
You have a pair of horns on your head.
You possess an exceptional clarity of mind.
You are clumsy. (Dex -2)
Your flesh is cold resistant. (rC+)
Armour fits poorly on your strangely shaped body.
You occasionally shout uncontrollably at your foes.


Message History

Pikel is moderately wounded.
Pikel closely misses you. You furiously retaliate!
You headbutt Pikel! You block Pikel's attack.
You barely miss Pikel. Your headbutt misses Pikel.
Pikel is heavily wounded.
Pikel closely misses you.
You hit Pikel.
Pikel is heavily wounded.
Pikel hits you with a whip of electrocution.
* * * LOW HITPOINT WARNING * * *
You are electrocuted!
* * * LOW HITPOINT WARNING * * *
You slash Pikel!
Pikel is severely wounded.
Pikel hits you with a whip of electrocution.
* * * LOW HITPOINT WARNING * * *
Pikel hits you with a whip of electrocution.
* * * LOW HITPOINT WARNING * * *
You are electrocuted!
You die...

###### #....#### ########
#.##....# .......#######
#.#####.#
.........)..>#######.....#.#
.......#.#.[.[pK@..#####.#.#
########.#.#######.# #.#.#
########.#.##### #.#####.#.#
.........#....<# #.......#.#
########......####..######.#
.......'......'.....# #.#
#....###.....)###...# #.#
#....# #......#.....### #.#
#....# #......#.......# #.#


You could see Pikel and a slave.

Vanquished Creatures
  A slave (D:3)
  The ghost of Raymar the Grave Robber, an amateur DsNe (D:3)
  An orc priest (D:3)
  Terence (D:2)
  6 adders
  3 oozes
  A worm (D:2)
  5 dart slugs
  2 leopard geckos (D:3)
  9 orcs (D:3)
  8 bats
  3 giant cockroaches
  11 goblins
  8 hobgoblins
  6 kobolds
  3 quokkas
  5 frilled lizards
  A leopard gecko skeleton (D:4)
  7 rats
82 creatures vanquished.

Notes
Turn   | Place    | Note
-------+----------+-------------------------------------------
     0 | D:1      | Kloppie the Minotaur Fighter began the quest for the Orb.
     0 | D:1      | Reached XP level 1. HP: 19/19 MP: 0/0
    91 | D:1      | Reached skill level 4 in Fighting
   257 | D:1      | Reached XP level 2. HP: 25/27 MP: 1/1
   530 | D:1      | Reached XP level 3. HP: 34/34 MP: 2/2
   754 | D:2      | Reached skill level 5 in Fighting
   866 | D:2      | Reached XP level 4. HP: 35/42 MP: 3/3
   951 | D:2      | Noticed Terence
   960 | D:2      | Killed Terence
  1317 | D:3      | Noticed Raymar's ghost (amateur DsNe)
  1322 | D:3      | Killed Raymar's ghost
  1322 | D:3      | Reached skill level 6 in Fighting
  1322 | D:3      | Reached XP level 5. HP: 35/51 MP: 4/4
  1936 | D:3      | Reached skill level 7 in Fighting
  2055 | D:3      | Reached XP level 6. HP: 59/60 MP: 5/5
  2122 | D:3      | Gained mutation: You occasionally shout uncontrollably at your foes. [potion of mutation]
  2122 | D:3      | Gained mutation: Your flesh is cold resistant. (rC+) [potion of mutation]
  2122 | D:3      | Gained mutation: You possess an exceptional clarity of mind. [potion of mutation]
  2127 | D:3      | Gained mutation: You are clumsy. (Dex -2) [potion of mutation]
  2127 | D:3      | Gained mutation: Armour fits poorly on your strangely shaped body. [potion of mutation]
  2230 | D:4      | Noticed a slave
  2231 | D:4      | Noticed Pikel
  2397 | D:4      | Noticed a slave
  2409 | D:3      | Killed a slave
  2586 | D:3      | Slain by Pikel

Skill      XL: |  1  2  3  4  5 |
---------------+----------------+-----
Fighting       | 4 5 6 7 |  7.2
Axes           | 3 4 |  4.7
Armour         | |  3.6
Shields        | |  3.6

Action                   |  1- 3 |  4- 6 || total
-------------------------+-------+-------++-------
Melee: War axe           |    75 |   131 ||   206
       Headbutt          |     9 |    20 ||    29
  Use: Potion            |       |     9 ||     9
       Scroll            |       |     7 ||     7
  Eat: Chunk             |       |     6 ||     6
Armor: Scale mail        |    28 |    18 ||    46
       Chain mail        |       |    36 ||    36
Dodge: Dodged            |    24 |    31 ||    55
Block: Shield            |    41 |    73 ||   114
